 Dungeon Crawl Stone Soup version 0.31.0-4-g52a2dc7128 (webtiles) character file.

Game seed: 2379699814819129638

13020 Hopman the Fighter (level 11, -2/104 HPs)
             Began as a Minotaur Fighter on Jan 23, 2024.
             Was an Elder of Okawaru.
             Slain by an enormous slime creature (57 damage)
             ... on level 11 of the Dungeon.
             The game lasted 00:20:33 (11817 turns).

Hopman the Fighter (Minotaur Fighter)              Turns: 11817, Time: 00:20:34

Health: -2/104     AC: 22    Str: 25    XL:     11   Next: 70%
Magic:  8/14       EV: 11    Int:  5    God:    Okawaru [****..]
Gold:   786        SH:  9    Dex: 10    Spells: 10/10 levels left

rFire   . . .        a - +0 war axe (protect)
rCold   . . .        c - +1 buckler
rNeg    . . .        b - +0 scale mail
rPois   +            (helmet restricted)
rElec   .            (no cloak)
rCorr   .            (no gloves)
SInv    .            I - +0 pair of boots
Will    .....        (no amulet)
Stlth   +            k - +4 ring of protection
HPRegen 0.37/turn    r - ring of poison resistance
MPRegen 0.14/turn

%: no passive effects
@: heroic, finesse-ful, under a protective aura, studying Shields
A: horns 2, retaliatory headbutt
a: Renounce Religion, Heroism, Finesse


You were on level 11 of the Dungeon.
You worshipped Okawaru.
Okawaru was greatly pleased with you.
You visited 2 branches of the dungeon, and saw 13 of its levels.
You also visited: Bailey.

You collected 786 gold pieces.

Inventory:

Hand Weapons
 a - a +0 war axe of protection (weapon)
 m - a +2 mace
 q - a +2 hand axe
Missiles
 i - 6 throwing nets
 n - 4 javelins (quivered)
 P - 3 boomerangs
Armour
 b - a +0 scale mail (worn)
 c - a +1 buckler (worn)
 u - the +1 helmet of the Caustic God {rPois Dex+5}
   (You found it on level 7 of the Dungeon)

   Dex+5:     It affects your dexterity (+5).
   rPois:     It protects you from poison
 I - a +0 pair of boots (worn)
Jewellery
 e - a ring of resist corrosion
 k - a +4 ring of protection (left hand)
 o - a ring of wizardry
 r - a ring of poison resistance (right hand)
 v - a ring of protection from fire
 y - a +6 ring of intelligence
 E - a ring of fire
 H - a +4 ring of protection
 N - a ring of flight
 Q - a ring of ice
Wands
 p - a wand of flame (22)
 x - a wand of mindburst (8)
 G - a wand of polymorph (13)
 O - a wand of roots (2)
Scrolls
 l - 2 scrolls of brand weapon
 A - 7 scrolls of teleportation
 C - 2 scrolls of fog
 D - a scroll of revelation {unknown}
 J - a scroll of acquirement {unknown}
 K - 2 scrolls of noise {unknown}
 L - 3 scrolls of enchant weapon {unknown}
 S - a scroll of identify
Potions
 d - 2 potions of brilliance
 f - 3 potions of berserk rage
 g - a potion of resistance
 h - a potion of might
 j - 2 potions of degeneration
 s - 2 potions of curing {unknown}
 t - 4 potions of mutation
 w - 4 potions of attraction
 z - 2 potions of enlightenment
 B - a potion of cancellation {unknown}
 F - a potion of ambrosia {unknown}
 M - a potion of heal wounds
 R - a potion of haste {unknown}


   Skills:
 * Level 11.9(16.9) Fighting
 * Level 11.5(16.5) Axes
 + Level 6.6(11.6) Throwing
 + Level 9.0(14.0) Armour
 + Level 11.3(16.3) Shields
 + Level 5.6 Invocations
 + Level 2.9 Evocations


You had 10 spell levels left.
You didn't know any spells.
Your spell library contained the following spells:

 Spells                   Type           Power      Damage    Failure   Level
 Magic Dart               Conj           0%         1d3       73%         1
 Necrotise                Necr           0%         1d4       73%         1
 Sandblast                Erth           0%         2d4       73%         1
 Ensorcelled Hibernation  Hex/Ice        0%         N/A       86%         2
 Searing Ray              Conj           0%         2d4       86%         2
 Sublimation of Blood     Necr           0%         N/A       86%         2
 Frozen Ramparts          Ice            0%         1d1       97%         3
 Fugue of the Fallen      Necr           0%         N/A       97%         3
 Gell's Gravitas          Tloc           0%         N/A       97%         3
 Passwall                 Erth           0%         N/A       97%         3
 Stone Arrow              Conj/Erth      0%         3d7       97%         3
 Teleport Other           Tloc           0%         N/A       97%         3
 Vampiric Draining        Necr           0%         2d6       97%         3
 Anguish                  Hex/Necr       0%         N/A       100%        4
 Brom's Barrelling Bould  Conj/Erth      0%         2d3       100%        4
 Fulminant Prism          Conj/Alch      0%         3d5       100%        4
 Leda's Liquefaction      Alch/Erth      0%         N/A       100%        4
 Petrify                  Alch/Erth      0%         N/A       100%        4
 Curse of Agony           Necr           0%         N/A       100%        5
 Metabolic Englaciation   Hex/Ice        0%         N/A       100%        5
 Dispersal                Tloc           0%         N/A       100%        6
 Lehudib's Crystal Spear  Conj/Erth      0%         10d2      100%        8
 Call Imp                 Summ           Unusable   N/A       N/A         2
 Animate Armour           Summ/Erth      Unusable   N/A       N/A         4
 Martyr's Knell           Necr/Summ      Unusable   N/A       N/A         4
 Summon Hydra             Summ           Unusable   N/A       N/A         7

Dungeon Overview and Level Annotations

Branches:
Dungeon (12/15)            Temple (1/1) D:4            Lair (0/5) D:8
 Bailey (visited)
    Orc: D:9-12

Altars:
Ashenzari
Cheibriados
Dithmenos
Elyvilon
Fedhas
Gozag
Hepliaklqana
Kikubaaqudgha
Makhleb
Nemelex Xobeh
Okawaru
Qazlal
Ru
Sif Muna
Trog
Uskayaw
Vehumet
Wu Jian
Xom
Yredelemnul
Zin
The Shining One

Shops:
D:4 :   D:6 (


Innate Abilities, Weirdness & Mutations

You have a pair of horns on your head.
You reflexively headbutt those who attack you in melee.


Message History

You gain the combat prowess of a mighty hero.
The vampire mosquito barely misses you. You furiously retaliate!
You headbutt the vampire mosquito.
You destroy the vampire mosquito!
Okawaru accepts your kill.
The vampire mosquito bites you but does no damage.
You block the enormous slime creature's attack.
You block the vampire mosquito's attack.
The vampire mosquito barely misses you.
The vampire mosquito closely misses you.
An enormous slime creature splits.
You barely miss the vampire mosquito.
The vampire mosquito is moderately damaged.
You block the vampire mosquito's attack.
You slash the vampire mosquito!
Your weapon exudes an aura of protection.
The vampire mosquito is severely damaged.
The vampire mosquito barely misses you.
You slice the vampire mosquito!!
You destroy the vampire mosquito!
Okawaru accepts your kill.
Your base Armour skill increases to level 9!
You hit the large slime creature.
The large slime creature is lightly wounded.
You slice the large slime creature!!
The large slime creature is moderately wounded.
A large slime creature splits.
You slash the large slime creature!
The large slime creature is heavily wounded.
You block the large slime creature's attack.
You slash the large slime creature!
The large slime creature is heavily wounded.
You hit the large slime creature. You headbutt the large slime creature!
The large slime creature is severely wounded.
Two slime creatures merge to form a very large slime creature.
Two slime creatures merge to form an enormous slime creature.
The enormous slime creature attacks as it pursues you!
The enormous slime creature hits you!!!
Ouch! That really hurt!
You die...

#.# #...# #.#### ###.. #....#
### ####.##### #####
###........# #.... ...........#
#.... ###........### #..†.
#..........################<...
#........#>†.J@...........'....
###########################....
#.... #.... #####


You could see an enormous slime creature.

Vanquished Creatures
  Fannar (D:11)
  A two-headed ogre (D:9)
  Pikel (D:7)
  A manticore (D:11)
  A troll (D:11)
  A hornet (D:9)
  3 dream sheep (D:7)
  Sigmund (D:6)
  12 yaks
  3 wyverns
  Eustachio (D:5)
  4 humans (D:6)
  A steam dragon (D:9)
  8 vampire mosquitoes
  3 acid dragons
  Menkaure (D:5)
  A water moccasin (D:5)
  3 orc warriors
  A black bear (D:7)
  An ice beast (D:7)
  2 sky beasts
  7 wolves (Bailey)
  3 centaurs
  A lemure (D:6)
  Blork the orc (D:5)
  2 kobold brigands
  3 bullfrogs (D:7)
  10 gnoll sergeants
  A scorpion (D:5)
  8 wights
  15 killer bees
  2 howler monkeys
  2 lava snakes (D:8)
  2 bombardier beetles
  6 hounds
  4 jellies
  10 gnoll boudas
  8 orc priests
  2 iguanas
  2 sleepcaps
  9 orc wizards
  Robin (D:3)
  18 gnolls
  12 adders
  2 shadow imps
  3 white imps
  2 ufetubi (D:5)
  4 ribbon worms
  3 dart slugs
  30 orcs
  10 ball pythons
  6 bats
  8 endoplasms
  4 giant cockroaches
  7 hobgoblins
  2 jackals (D:4)
  15 kobolds
  6 quokkas
  2 frilled lizards (D:2)
  16 goblins
  5 rats
305 creatures vanquished.

Vanquished Creatures (others)
  An orc wizard (D:5)
1 creature vanquished.

Grand Total: 306 creatures vanquished

Notes
Turn   | Place    | Note
-------+----------+-------------------------------------------
     0 | D:1      | Hopman the Minotaur Fighter began the quest for the Orb.
     0 | D:1      | Reached XP level 1. HP: 19/19 MP: 0/0
   116 | D:1      | Reached XP level 2. HP: 25/27 MP: 1/1
   410 | D:1      | Reached XP level 3. HP: 33/33 MP: 2/2
   840 | D:2      | You fall into a shaft and drop 2 floors!
   870 | D:4      | Reached XP level 4. HP: 26/41 MP: 3/3
   969 | D:4      | Found Nesaihoe's Book Boutique.
  1127 | D:4      | Reached skill level 1 in Throwing
  1159 | D:3      | Noticed Robin
  1163 | D:3      | Reached XP level 5. HP: 47/47 MP: 4/4
  1181 | D:3      | Killed Robin
  1463 | D:3      | Found a snail-covered altar of Cheibriados.
  1472 | D:3      | Reached skill level 5 in Fighting
  2461 | D:2      | Reached XP level 6. HP: 56/56 MP: 5/5
  2846 | D:4      | Found a staircase to the Ecumenical Temple.
  3047 | Temple   | Entered the Ecumenical Temple
  3110 | Temple   | Became a worshipper of Warmaster Okawaru
  3307 | D:5      | Entered Level 5 of the Dungeon
  3505 | D:5      | Reached skill level 5 in Axes
  3508 | D:5      | Reached skill level 5 in Armour
  3508 | D:5      | Reached skill level 5 in Shields
  3746 | D:5      | Reached XP level 7. HP: 59/63 MP: 6/6
  3756 | D:5      | Reached * piety under Okawaru
  3844 | D:5      | Noticed Menkaure
  3854 | D:5      | Killed Menkaure
  4180 | D:5      | Noticed Blork the orc
  4187 | D:5      | Killed Blork the orc
  4619 | D:5      | Reached XP level 8. HP: 65/73 MP: 7/7
  4724 | D:5      | Found a shimmering blue altar of Sif Muna.
  4755 | D:5      | Noticed Eustachio
  4786 | D:5      | Killed Eustachio
  4787 | D:5      | Reached skill level 1 in Invocations
  5294 | D:6      | Reached ** piety under Okawaru
  5385 | D:6      | Found Borepes's Antique Weapon Shop.
  5473 | D:6      | Found an ancient bone altar of Kikubaaqudgha.
  5474 | D:6      | Found a sparkling altar of Nemelex Xobeh.
  5476 | D:6      | Found a blossoming altar of Fedhas.
  5477 | D:6      | Found a sacrificial altar of Ru.
  5478 | D:6      | Found a white marble altar of Elyvilon.
  5478 | D:6      | Found an opulent altar of Gozag.
  5479 | D:6      | Found a glowing golden altar of the Shining One.
  5595 | D:6      | Reached XP level 9. HP: 80/81 MP: 9/9
  5612 | D:6      | Reached *** piety under Okawaru
  5861 | D:6      | Noticed Sigmund
  5866 | D:6      | Killed Sigmund
  6348 | D:7      | Noticed Pikel
  6555 | D:7      | Killed Pikel
  6566 | D:7      | Reached **** piety under Okawaru
  6567 | D:7      | Reached XP level 10. HP: 69/91 MP: 11/11
  6569 | D:7      | Reached skill level 5 in Throwing
  6737 | D:7      | Reached skill level 10 in Fighting
  6742 | D:7      | Found a flagged portal.
  6746 | D:7      | Identified the +1 helmet of the Caustic God {rPois Dex+5}
  6752 | Bailey   | Entered a bailey
  7194 | Bailey   | Reached skill level 10 in Axes
  8093 | D:8      | Found a staircase to the Lair.
  8283 | D:8      | Reached skill level 1 in Evocations
  8295 | D:8      | Reached skill level 10 in Shields
  8935 | D:8      | Found an ornate altar of the Wu Jian Council.
  9302 | D:9      | Found a basalt altar of Yredelemnul.
  9402 | D:9      | Reached XP level 11. HP: 81/102 MP: 13/13
  9632 | D:9      | Noticed a two-headed ogre
  9644 | D:9      | Killed a two-headed ogre
  9651 | D:9      | Reached skill level 5 in Invocations
  9887 | D:9      | Found a hazy altar of Hepliaklqana.
 10002 | D:10     | Entered Level 10 of the Dungeon
 10157 | D:10     | Identified the +1 falchion of Courage {flame, rElec rC-
                  | rN+}
 11079 | D:11     | Noticed Fannar
 11095 | D:11     | Killed Fannar
 11095 | D:11     | Reached ***** piety under Okawaru
 11817 | D:11     | Slain by an enormous slime creature

Illustrated notes

Levels and vault maps discovered:
D:1:      tekkud_arrival_beachfront_property, layout_loops_ring
D:2:      layout_rooms, small_statue_intersection, nicolae_wormholes
D:3:      kennysheep_big_flooded_room, layout_loops_corners, slow_altar_2,
          minmay_pentangle, uniq_robin
D:4:      layout_basic, minmay_temple_entry_tees, serial_shops, shop
D:5:      layout_loops_ring, led_sif_pool, serial_library_hellmonk_octagon,
          uniq_eustachio, uniq_menkaure, uniq_blork_the_orc
D:6:      layout_layer_cave, grunt_temple_overflow_open, serial_shops, shop,
          minmay_ruffians, uniq_sigmund
D:7:      layout_rooms, enter_bailey_2, dreamdust_gnoll_shepherd, uniq_pikel
D:8:      layout_basic, mainiacjoe_overflow_alcove_4, lair_entry_dummy,
          kennysheep_boxes
D:9:      layout_roguey, marbit_many_paths, mainiacjoe_overflow_six_doors_small,
          grunt_decor_one_mirror, st_stairs_12
D:10:     layout_basic, minmay_misc_feat_alley
D:11:     layout_roguey, nrook_mini_vaults, uniq_fannar
D:12:     layout_cave_pools, david_orc_4
Temple:   dpeg_chambers_temple

Skill      XL: |  1  2  3  4  5  6  7  8  9 10 11 |
---------------+----------------------------------+-----
Armour         | 4 5 6 7 8 9 |  9.0
Fighting       | 4 5 6 7 8 9 11 | 11.9
Shields        | 4 5 6 7 8 10 11 | 11.3
Axes           | 3 4 5 6 7 9 10 11 | 11.5
Throwing       | 1 2 3 4 5 6 |  6.6
Invocations    | 2 3 4 5 |  5.6
Evocations     | 1 2 |  2.9

Action                     |  1- 3 |  4- 6 |  7- 9 | 10-12 || total
---------------------------+-------+-------+-------+-------++-------
  Melee: War axe           |    55 |   189 |   227 |   364 ||   835
         Headbutt          |     5 |    32 |    38 |    71 ||   146
  Throw: Javelin           |       |       |     4 |    19 ||    23
 Invoke: Heroism           |       |       |     2 |     8 ||    10
         Finesse           |       |       |       |     4 ||     4
    Use: Potion            |     1 |       |       |     3 ||     4
         Scroll            |       |       |    15 |     4 ||    19
 Armour: Scale mail        |    44 |   169 |   183 |   362 ||   758
  Dodge: Dodged            |    27 |    85 |    86 |   189 ||   387
  Block: Buckler           |    18 |    34 |    67 |   177 ||   296
